 Dungeon Sprint DCSS version 0.32-a0-932-g546787307d (webtiles) character file.

Game seed: 14789182951361265777

7 Conn the Firebug (level 2, -18/25 HPs)
             Began as an Octopode Fire Elementalist on Apr 14, 2024.
             Was a Believer of Sif Muna.
             Demolished by a warg (24 damage)
             ... in the Dungeon (Sprint VII: "The Pits").
             The game lasted 00:00:41 (92 turns).

Conn the Firebug (Octopode Fire Elementalist)         Turns: 92, Time: 00:00:42

Health: -18/25     AC:  1    Str:  7    XL:     2   Next: 4%
Magic:  1/5        EV: 12    Int: 17    God:    Sif Muna [**....]
Gold:   0          SH:  0    Dex: 12    Spells: 4/5 levels left

rFire   . . .        g - +2 hand axe (flame)
rCold   . . .        (no shield)
rNeg    . . .        (helmet restricted)
rPois   .            (no amulet)
rElec   .            (no ring)
rCorr   .            (no ring)
SInv    .            (no ring)
Will    .....        (no ring) Stlth
                     (no ring)
HPRegen 0.24/turn    (no ring)
MPRegen 0.09/turn    (no ring)
                     (no ring)

%: no teleportation
@: berserking, hasted, very quick
A: almost no armour, amphibious, 8 rings, camouflage 1, gelatinous body 1,
(nimble swimmer 1), tentacles
a: Renounce Religion, Channel Magic


You were in the Dungeon.
You worshipped Sif Muna.
Sif Muna was pleased with you.
You visited 1 branch

Inventory:

Hand Weapons
 g - a +2 hand axe of flaming (weapon)
Scrolls
 f - a scroll of blinking
 i - 2 scrolls of vulnerability
 j - 5 scrolls of amnesia
 k - a scroll of summoning
Potions
 a - 5 potions of magic
 b - a potion of curing
 c - a potion of heal wounds
 e - 2 potions of berserk rage
 h - 2 potions of invisibility


   Skills:
 + Level 0.6 Axes
 + Level 2.0 Dodging
 + Level 3.7 Stealth
 + Level 2.3 Spellcasting
 + Level 1.0 Conjurations
 + Level 4.1 Fire Magic


You had 4 spell levels left.
You knew the following spells:

 Your Spells              Type           Power      Damage    Failure   Level
a - Foxfire               Conj/Fire      40%        2x1d6     6%          1

Your spell library contained the following spells:

 Spells                   Type           Power      Damage    Failure   Level
 Scorch                   Fire           32%        2d6       5%          2
 Inner Flame              Hex/Fire       9%         N/A       24%         3
 Volatile Blastmotes      Fire/Tloc      18%        2d11      24%         3
 Flame Wave               Conj/Fire      10%        2d6       54%         4


Dungeon Overview and Level Annotations

Branches:
Dungeon (1/1)

Altars:
Ashenzari
Cheibriados
Dithmenos
Elyvilon
Fedhas
Gozag
Hepliaklqana
Kikubaaqudgha
Makhleb
Nemelex Xobeh
Okawaru
Qazlal
Ru
Sif Muna
Trog
Uskayaw
Vehumet
Wu Jian
Xom
Yredelemnul
Zin
The Shining One
Beogh
Jiyva
Lugonu


Innate Abilities, Weirdness & Mutations

You cannot wear most types of armour.
You are amphibious.
You can wear up to eight rings at the same time.
Your skin changes colour to match your surroundings (Stealth+).
Your rubbery body absorbs attacks. (AC +1, EV +1)
((You are camouflaged when in or above water. (Stealth+)))
You have tentacles for arms and can constrict up to eight enemies at once.


Message History

You hit the hobgoblin. You burn the hobgoblin.
You kill the hobgoblin!
Sif Muna accepts your kill.
Okay, then.
You open the door.
A hobgoblin and a frilled lizard come into view.
Casting: Foxfire (safe; 7% risk of failure)
Confirm with . or Enter, or press ? or * to list all spells.
You conjure some foxfire!
Unknown command.
The foxfire hits the hobgoblin.
The hobgoblin is heavily wounded.
The hobgoblin shouts!
The foxfire hits the frilled lizard.
You kill the frilled lizard!
Sif Muna accepts your kill.
You hear a shout!
You hear a howl!
A warg comes into view.
You hear a shout!
Unknown command.
Casting: Foxfire (safe; 7% risk of failure)
Confirm with . or Enter, or press ? or * to list all spells.
You conjure some foxfire!
Unknown command.
The foxfire hits the hobgoblin.
The hobgoblin is heavily wounded.
The foxfire hits the hobgoblin.
You kill the hobgoblin!
Sif Muna accepts your kill.
Your Fire Magic skill increases to level 4!
You have reached level 2!
You feel yourself speed up. The warg bites you.
A red film seems to cover your vision as you go berserk!
You feel yourself moving faster!
You feel mighty! The warg bites you.
You barely miss the warg. The warg bites you!
* * * LOW HITPOINT WARNING * * *
The warg bites you!!
Ouch! That really hurt!
You die...

#_______...##########
##########'##........
#..(.')))'.##......#.
##########.##........
#...........'........
#+#####†#####......#.
#...#.# #........
#..†#.# ####'####
#.@.'.# #.......#
##h#### #.......# ...
#.......# #....
#...<...# #.....
#.......# #....†.
#.......# ########
#.......# #########


You could see a warg.

Vanquished Creatures
  A giant cockroach (D)
  2 hobgoblins (D)
  A quokka (D)
  A ball python (D)
  A frilled lizard (D)
  A rat (D)
7 creatures vanquished.

Vanquished Creatures (others)
  4 foxfires (D)
4 creatures vanquished.

Grand Total: 11 creatures vanquished

Notes
Turn   | Place    | Note
-------+----------+-------------------------------------------
     0 | D        | Conn the Octopode Fire Elementalist began the quest for the
                  | Orb.
     0 | D        | Reached XP level 1. HP: 11/11 MP: 3/3
    41 | D        | Found a bloodstained altar of Trog.
    41 | D        | Found a shimmering blue altar of Sif Muna.
    41 | D        | Found a viscous altar of Jiyva.
    41 | D        | Found a hazy altar of Hepliaklqana.
    41 | D        | Found an opulent altar of Gozag.
    42 | D        | Found a glowing golden altar of the Shining One.
    42 | D        | Found a glowing silver altar of Zin.
    42 | D        | Found a basalt altar of Yredelemnul.
    42 | D        | Found a shimmering altar of Xom.
    42 | D        | Found an ornate altar of the Wu Jian Council.
    42 | D        | Found a sacrificial altar of Ru.
    42 | D        | Found a stormy altar of Qazlal.
    42 | D        | Found an iron altar of Okawaru.
    42 | D        | Found a sparkling altar of Nemelex Xobeh.
    42 | D        | Found a burning altar of Makhleb.
    42 | D        | Found a blossoming altar of Fedhas.
    42 | D        | Found a white marble altar of Elyvilon.
    42 | D        | Found a shadowy altar of Dithmenos.
    42 | D        | Found a snail-covered altar of Cheibriados.
    44 | D        | Found a corrupted altar of Lugonu.
    44 | D        | Found a radiant altar of Vehumet.
    44 | D        | Found a roughly hewn altar of Beogh.
    45 | D        | Found an ancient bone altar of Kikubaaqudgha.
    45 | D        | Found a hide-covered altar of Uskayaw.
    45 | D        | Found a broken altar of Ashenzari.
    46 | D        | Became a worshipper of Sif Muna the Loreminder
    75 | D        | Reached * piety under Sif Muna
    87 | D        | Noticed a warg
    89 | D        | Reached ** piety under Sif Muna
    90 | D        | Reached skill level 4 in Fire Magic
    90 | D        | Reached XP level 2. HP: 17/17 MP: 1/5
    92 | D        | Demolished by a warg

Illustrated notes

Levels and vault maps discovered:
D:        pitsprint [storerooms_1, entrance_room_1, metal_vault_2, armoury_1,
          mini_pit_1, grid_room_1, main_hall_1, silver_pit, the_coven_1,
          the_vestibule_1, steel_vault_4, golden_pit, hallway_of_sentries,
          crystal_vault_4, iron_vault_2, final_vault]

Skill      XL: |  1 |
---------------+----+-----
Stealth        | 3 |  3.7
Fire Magic     | 4 |  4.1
Axes           | |  0.6
Dodging        | |  2.0
Spellcasting   | |  2.3
Conjurations   | |  1.0

Action                     || total
---------------------------++-------
  Melee: Hand axe          ||     9
         Constrict         ||     3
         Unarmed           ||     1
         Punch             ||     1
   Cast: Foxfire           ||     2
    Use: Potion            ||     2
   Stab: Sleeping          ||     2
 Armour: Skin              ||     5
  Dodge: Dodged            ||    10

Table legend: (Time is in decaauts)
 A = Elapsed time spent in this place.
 B = Non-inter-level travel time spent in this place.
 C = Inter-level travel time spent in this place.
 D = Time resting spent in this place.
 E = Time spent auto-exploring this place.
 F = Levels seen in this place.
 G = Mean time per level.
                   A        B        C        D        E       F      G
               +--------+--------+--------+--------+--------+-----+--------+
         Total |     93 |     93 |      0 |      0 |      0 |   1 |   93.0 |
       Dungeon |     93 |     93 |      0 |      0 |      0 |   1 |   93.0 |
               +--------+--------+--------+--------+--------+-----+--------+

Top non-repeatable levels by time:
       D: 93 daAuts
